zoologist, lawful female human Archeologist # -)--- ------- |^..-## #......| |^>.| # ###|....<)#######`|...| ### ----- ----- # |)....| #---%- # ##....| ------ |I!I|### -.----- ######[#@### # |...| #-^...| |I(.|# # ########`######K#################....I#######|....| |?*I+) # # ##### ----- # |...| |....| ----- # ###### K # |...| ### ----- |....| ### -.---------- #####|...| # |....| # |..........| # # #....| ### ---.-- --.-- |..........| ## ##|...| # # |.... |..........| `....-##### # |...| |..........| ----- ###### # |....#####-..........| # # ----- ------------ ######### zoologist the Excavator Experience level: 16 Strength: 25 Dexterity: 16 Constitution: 18 Intelligence: 12 Wisdom: 16 Charisma: 12 Health: 0(108) Energy: 81(81) Def: 17 Gold: 0 Moves: 26320 Dungeon seed: kyQMxWinFnZB4v8m Game ID: zoologist_1528105679 Your Inventory: Amulets J - an uncursed amulet of ESP (being worn) Weapons d - 5 +0 daggers (in quiver) g - a +5 silver saber x - 2 +0 daggers Armor e - an uncursed very rusty +0 pair of gauntlets of power (being worn) n - a blessed greased +2 yellow dragon scale mail (being worn) P - an uncursed +2 cloak of invisibility (being worn) X - an uncursed +1 elven leather helm (being worn) Y - an uncursed +0 pair of speed boots (being worn) Comestibles c - an uncursed lizard corpse F - 3 uncursed food rations H - 2 uncursed sprigs of wolfsbane Scrolls a - a blessed scroll of teleportation K - 2 uncursed scrolls of teleportation Potions k - an uncursed potion of healing u - a blessed potion of paralysis w - a blessed potion of acid Rings f - an uncursed ring of shock resistance i - an uncursed ring of free action (on right hand) M - an uncursed ring of sustain ability (on left hand) Wands h - a wand of undead turning (0:4) j - a wand of speed monster (0:6) m - a wand of teleportation (0:6) s - a wand of striking (0:3) A - a wand of teleportation (0:5) C - a wand of lightning (0:6) E - a wand of undead turning (0:4) L - a wand of make invisible (0:6) Q - a wand of striking (0:4) R - a wand of death (0:5) T - a wand of lightning (0:3) W - a wand of striking (0:4) Z - a wand of secret door detection (0:12) Tools l - an uncursed towel (weapon in hand) o - the blessed Orb of Detection (0:5) r - the Bell of Opening (0:3) t - a blessed bag of holding v - an uncursed magic whistle B - a +0 unicorn horn G - an uncursed skeleton key N - an uncursed mirror U - an uncursed stethoscope Gems q - an uncursed touchstone D - a blessed luckstone O - an uncursed aquamarine stone S - an uncursed amethyst stone V - an uncursed diamond Contents of the bag of holding: 4529 gold pieces an uncursed amulet of reflection a cursed amulet of restful sleep the rustproof +0 Sunsword a blessed +2 bullwhip an uncursed +0 pair of gauntlets of power a cursed -1 pair of leather gloves an uncursed +0 pair of speed boots 19 uncursed C-rations 19 uncursed K-rations an uncursed food ration 2 uncursed lembas wafers an uncursed lizard corpse an uncursed slime mold a blessed scroll of blank paper 7 uncursed scrolls of blank paper 2 cursed scrolls of blank paper an uncursed scroll of charging an uncursed scroll of destroy armor a blessed scroll of enchant weapon an uncursed scroll of fire an uncursed scroll of gold detection an uncursed scroll of punishment 2 cursed scrolls of remove curse an uncursed scroll of scare monster a blessed scroll of teleportation 5 uncursed scrolls of teleportation an uncursed potion of blindness an uncursed potion of confusion a blessed potion of fruit juice 2 uncursed potions of full healing an uncursed potion of gain energy a blessed potion of hallucination an uncursed potion of hallucination a cursed potion of hallucination a potion of holy water 2 uncursed potions of invisibility 2 cursed potions of invisibility 2 uncursed potions of monster detection a blessed potion of object detection an uncursed potion of object detection an uncursed potion of oil 3 uncursed potions of paralysis an uncursed potion of restore ability a cursed potion of see invisible an uncursed potion of sleeping a cursed potion of speed an uncursed potion of water an uncursed +1 ring of adornment an uncursed ring of invisibility an uncursed ring of poison resistance a cursed ring of polymorph an uncursed ring of polymorph control an uncursed ring of polymorph control an uncursed ring of see invisible an uncursed ring of see invisible an uncursed ring of stealth a wand of create monster (0:14) a wand of digging (0:6) a wand of digging (0:4) a wand of digging (0:4) a wand of fire (0:5) a wand of magic missile (0:7) a wand of magic missile (0:3) a wand of sleep (0:8) a wand of sleep (0:3) a wand of striking (0:7) a wand of striking (0:5) a blessed wand of teleportation (0:4) an expensive camera (0:44) a magic marker (0:55) a cursed oil lamp (0:925) a +0 pick-axe 10 uncursed tallow candles (0:200) a +0 unicorn horn a +0 unicorn horn a +0 unicorn horn a blessed wax candle (0:400) an uncursed emerald an uncursed fluorite stone an uncursed garnet stone 2 uncursed jasper stones an uncursed obsidian stone 3 uncursed rubies an uncursed topaz stone an uncursed turquoise stone Spells and supernatural/magical abilities: Name Level Category Fail Memory d - dig 5 matter 100% 96% f - fireball 4 attack 100% 59% n - detect monsters 1 divination 60% 83% r - remove curse 3 clerical 100% 90% w - wizard lock 2 matter 63% 9% A - create familiar 6 clerical 100% 93% G - detect treasure 4 divination 100% 41% O - create monster 2 clerical 63% 43% W - pray for help -- divine ? -- Your skills at the end: Fighting Skills Weapon Skills dagger [Basic] pick-axe [Expert] saber [Expert] whip [Basic] Spellcasting Skills Final Attributes: You were the Hand of Elbereth. You were piously aligned. You were fire resistant. You were cold resistant. You were sleep resistant. You were shock resistant. You were poison resistant. You were magic-protected. You were acid resistant. You saw invisible. You were telepathic. You had automatic searching. You were invisible to others. You were stealthy. You were very fast. You had free action. You had fixed abilities. You were extremely lucky. You had extra luck. Good luck did not time out for you. You are dead. Vanquished creatures: Medusa The Minion of Huhetotl a gray dragon a blue dragon 4 stone golems a baby blue dragon a vampire lord a captain a lich an ettin a vampire 8 ghosts 2 lieutenants a winged gargoyle 3 giant mimics 2 ogre kings 3 rock trolls an umber hulk a doppelganger 4 large mimics a long worm 3 stalkers 3 air elementals a fire elemental a water elemental a hill giant a giant mummy a giant zombie 12 sergeants a warg a winter wolf 6 small mimics 2 glass piercers 3 xans an ogre lord a quantum mechanic 6 trolls a wood golem 2 gelatinous cubes 4 freezing spheres 2 flaming spheres 3 shocking spheres 2 large cats a gargoyle 3 leocrottas an energy vortex a mountain centaur 2 stone giants 3 elf mummies 25 human mummies 2 pit vipers 11 pythons 5 cobras 3 wraiths 2 carnivorous apes an ettin zombie 5 Grey-elves 72 soldiers 2 chameleons 3 giant beetles 2 quivering blobs 2 cockatrices 3 wolves a winter wolf cub 4 panthers 4 gremlins a spotted jelly 5 leprechauns 3 orc-captains 3 iron piercers a mumak 6 giant spiders a scorpion 2 black lights 4 vampire bats 2 forest centaurs 3 gnome kings an orc mummy a dwarf mummy an ogre 4 brown puddings 2 rust monsters 4 owlbears 3 yetis 5 Green-elves 4 lizards 3 students 3 dogs 4 dingos a jaguar a dwarf lord 3 gray unicorns a black unicorn 2 dust vortices 7 ravens 5 plains centaurs 2 gnome mummies 31 snakes 10 apes 3 rope golems 6 Woodland-elves 12 soldier ants 2 bugbears 2 imps a quasit 3 wood nymphs 4 water nymphs 4 mountain nymphs 7 Mordor orcs 5 Uruk-hai 2 orc shamans 11 rock piercers 4 rock moles 4 ponies 3 fog clouds 9 yellow lights a shrieker 5 violet fungi 23 gnome lords 9 gnomish wizards a Kop Lieutenant 5 kobold mummies 2 black naga hatchlings a guardian naga hatchling a gray ooze a barrow wight 2 elf zombies a ghoul 4 straw golems a paper golem 20 giant ants a little dog 5 floating eyes 2 kittens 5 dwarves 6 homunculi a kobold lord a kobold shaman 16 hill orcs 10 rothes 2 rabid rats a centipede 5 giant bats 9 Kop Sergeants 5 monkeys 7 orc zombies 6 dwarf zombies 2 wererats a werejackal 11 iguanas 4 killer bees 2 acid blobs 6 coyotes 2 gas spores 3 hobbits 6 manes 8 hobgoblins 8 giant rats 11 cave spiders 4 brown molds 5 yellow molds a green mold a red mold 65 gnomes 18 Keystone Kops 94 garter snakes a gnome zombie 6 geckos 12 jackals 7 foxes 5 kobolds 6 goblins 5 sewer rats 16 grid bugs 7 bats 10 lichens 10 kobold zombies 14 newts 977 creatures vanquished. Voluntary challenges: You had been an atheist until turn 16251. You used a wielded weapon 1443 times, starting on turn 64. You read items or engraved 199 times, starting on turn 965. You never genocided any monsters. You polymorphed 154 items, starting on turn 22759. You changed form 1 time, starting on turn 19697. You used 1 wish, starting on turn 4052. You did not wish for any artifacts. You split 2 puddings, starting on turn 17814. You wrote Elbereth's name 38 times, starting on turn 1030. You violated your moral code, losing 67 points of alignment, starting on turn 6060. Dungeon overview: The Dungeons of Doom: levels 1 to 22 Level 1 a fountain a long staircase Level 2 some fountains Level 3 stairs to The Gnomish Mines Level 4 <- You were here a general store Level 5 many fountains Level 6 a delicatessen stairs to Sokoban Level 7 Level 8 Level 9 an armor shop Level 10 a fountain Level 11 portal to The Quest Level 12 Level 13 a general store portal to Fort Ludios Level 14 a temple to Quetzalcoatl, a fountain Level 15 Level 16 some fountains Level 17 a fountain Level 18 Level 19 Level 20 a fountain Level 21 Level 22 The Gnomish Mines: levels 4 to 11 Level 4 stairs to The Dungeons of Doom Level 5 Level 6 Level 7 many shops, some fountains Level 8 Level 9 Level 10 Level 11 The Quest: levels 1 to 5 Level 1 a throne portal to The Dungeons of Doom Level 2 Level 3 some temples to Quetzalcoatl, Camaxtli, and Huhetotl Level 4 Level 5 a temple to Huhetotl Sokoban: levels 2 to 5 Level 2 Level 3 Level 4 Level 5 stairs to The Dungeons of Doom Fort Ludios: Level 1 portal to The Dungeons of Doom History has recorded: On T:1 you entered the Dungeons of Doom to retrieve the Amulet of Yendor! On T:721 you reached level 2 of The Dungeons of Doom. On T:869 you advanced to experience level 2. On T:1026 you reached level 3 of The Dungeons of Doom. On T:1173 you advanced to experience level 3. On T:1449 you reached level 1 of The Gnomish Mines. On T:1546 you advanced to experience level 4. On T:1976 you reached level 2 of The Gnomish Mines. On T:2007 you advanced to experience level 5. On T:2447 you reached level 3 of The Gnomish Mines. On T:2487 you advanced to experience level 6. On T:3084 you reached level 4 of The Gnomish Mines. On T:4052 you wished for "blessed greased +2 yellow dragon scale mail". On T:4301 you reached level 5 of The Gnomish Mines. On T:4693 you reached level 6 of The Gnomish Mines. On T:4918 you advanced to experience level 7. On T:5460 you reached level 7 of The Gnomish Mines. On T:7131 you reached level 8 of The Gnomish Mines. On T:7182 you advanced to experience level 8. On T:8377 you reached level 4 of The Dungeons of Doom. On T:8974 you reached level 5 of The Dungeons of Doom. On T:9069 you reached level 6 of The Dungeons of Doom. On T:9178 you reached level 4 of Sokoban. On T:9486 you reached level 3 of Sokoban. On T:10193 you reached level 2 of Sokoban. On T:10546 you reached level 1 of Sokoban. On T:12660 you reached level 7 of The Dungeons of Doom. On T:13044 you advanced to experience level 9. On T:13152 you reached level 8 of The Dungeons of Doom. On T:13503 you reached level 9 of The Dungeons of Doom. On T:13925 you reached level 10 of The Dungeons of Doom. On T:14114 you reached level 11 of The Dungeons of Doom. On T:14566 you reached level 1 of The Quest. On T:14816 you reached level 12 of The Dungeons of Doom. On T:15348 you reached level 13 of The Dungeons of Doom. On T:15413 you advanced to experience level 10. On T:16201 you reached level 14 of The Dungeons of Doom. On T:16528 you received Sunsword from Quetzalcoatl. On T:16923 you reached level 15 of The Dungeons of Doom. On T:17230 you reached level 16 of The Dungeons of Doom. On T:17463 you reached level 17 of The Dungeons of Doom. On T:17639 you reached level 18 of The Dungeons of Doom. On T:17719 you advanced to experience level 11. On T:17961 you reached level 19 of The Dungeons of Doom. On T:19185 you reached level 20 of The Dungeons of Doom. On T:19640 you reached level 21 of The Dungeons of Doom. On T:20316 you reached level 22 of The Dungeons of Doom. On T:20317 you killed Medusa on level 22 of The Dungeons of Doom. On T:20361 you were crowned as the Hand of Elbereth! On T:21706 you reached Fort Ludios. On T:21755 you advanced to experience level 12. On T:23584 you advanced to experience level 13. On T:23584 you advanced to experience level 14. On T:23585 you advanced to experience level 15. On T:23609 you embarked upon an epic quest. On T:23664 you reached level 2 of The Quest. On T:23882 you reached level 3 of The Quest. On T:24491 you advanced to experience level 16. On T:24547 you reached level 4 of The Quest. On T:24569 you reached level 5 of The Quest. On T:24911 you killed Minion of Huhetotl on level 5 of The Quest. On T:25574 you completed the quest! Score breakdown: Gold: 4529 (12436 points) Experience: 16 levels (21575 points) Exploration: 22 levels ( 45.83%) (20053 points) Discoveries: 99 items ( 33.33%) (17320 points) Valuables value: (no points given unless you survive) Artifact value: 7500 (13181 points) Variety of kills: 178 monsters ( 46.72%) (20505 points) Turncount: 26320 turns (-3808 points) Survival: died (score multiplied by 80%) Total score: 81009 Latest messages: Akalapi swings his club. Akalapi hits! Akalapi swings his club. Akalapi misses. You hit Akalapi! Akalapi wields a club! You hit Akalapi! Akalapi swings his club. Akalapi hits! Akalapi swings his club. Akalapi hits! You hit Akalapi! Akalapi wields a club! (2x) Akalapi swings his club. Akalapi hits! Akalapi swings his club. Akalapi hits! You hit Akalapi! Akalapi swings his club. Akalapi hits! Akalapi swings his club. Akalapi hits! Akalapi swings his club. Akalapi hits! You die... Akalapi takes all your possessions. Final status: Goodbye zoologist the Archeologist, killed by a Mr. Akalapi, the shopkeeper... You died in The Dungeons of Doom on dungeon level 4 with 81009 points, and 4529 pieces of gold, after 26320 moves. You were level 16 with a maximum of 108 hit points when you died.